Map: Tokamak LE

Players

KimChiLoVer - Winner!

  • Race: Terran Terran
  • Spawn Location: 1:00

A.I. 1 (Very Hard)

  • Race: Terran Terran
  • Spawn Location: 7:00

VOD

Have the link to the VOD?

Description

Time

  • Played on: Aug. 8, 2025, 8:39 p.m.
  • Length: 8:00
Show
View Real Time Build Order
Export as new Build Order

KimChiLoVer Terran - Winner!

Build Orders: Reaper Expand 

Get SALT Encoding   

  12  0:00  SCV  
  13  0:12  SCV  
  14  0:17  Supply Depot  
  14  0:25  SCV  
  15  0:39  SCV  
  15  0:40  Barracks  
  16  0:44  Refinery  
  16  0:52  SCV  
  17  1:04  SCV  
  18  1:16  SCV  
  19  1:28  Orbital Command  
  19  1:30  Reaper  
  20  1:39  Command Center  
  20  1:53  Supply Depot  
  20  1:55  SCV  
  21  2:01  Marine  
  22  2:08  Factory  
  22  2:09  SCV  
  22  2:12  Refinery  
  23  2:21  SCV  
  24  2:28  Barracks Reactor  
  24  2:33  Barracks x2  
  24  2:38  SCV  
  25  2:50  SCV  
  26  2:53  Factory Tech Lab  
  26  2:59  Orbital Command  
  26  3:07  SCV  
  26  3:09  Marine x2  
  29  3:16  Supply Depot  
  29  3:19  SCV  
  30  3:26  Starport  
  30  3:30  SCV  
  30  3:31  SCV  
  30  3:32  Factory Reactor  
  32  3:37  Supply Depot  
  32  3:41  Marine  
  32  3:42  SCV, Marine  
  32  3:43  SCV  
  32  3:45  Stimpack  
  32  3:46  Marine  
  37  4:02  Command Center  
  37  4:06  SCV x2  
  39  4:17  Engineering Bay x2  
  39  4:19  Medivac  
  39  4:22  Medivac  
  43  4:25  SCV x2  
  43  4:27  Marine  
  46  4:36  Factory Tech Lab  
  46  4:40  Barracks  
  46  4:43  Barracks  
  46  4:44  Barracks Reactor, Marine  
  46  4:45  Marine  
  48  4:46  Marine  
  48  4:50  SCV  
  48  4:51  SCV  
  51  4:55  Terran Infantry Weapons Level 1  
  51  4:58  Terran Infantry Armor Level 1  
  51  5:03  SCV x2, Marine x2  
  51  5:04  Marine  
  56  5:14  Orbital Command  
  56  5:15  SCV  
  56  5:20  SCV  
  58  5:21  Marine x2  
  58  5:22  Marine x2  
  58  5:23  Marine  
  58  5:25  Siege Tank  
  66  5:31  Supply Depot, Barracks Reactor  
  67  5:35  SCV  
  67  5:36  Supply Depot  
  67  5:39  SCV, Refinery, Marine  
  69  5:43  Marine x4  
  73  5:52  Armory  
  73  5:54  Refinery, SCV x3  
  73  5:56  Combat Shield  
  76  5:58  Marine x2  
  78  6:11  Marine x3  
  78  6:12  Barracks Tech Lab  
  78  6:14  Siege Tank  
  78  6:16  Supply Depot  
  84  6:19  Supply Depot  
  84  6:27  Orbital Command  
  84  6:32  Marauder x2, Marine x4  
  90  6:33  Concussive Shells  
  92  6:41  Supply Depot  
  92  6:43  Supply Depot  
  92  6:44  SCV x2  
  94  6:50  Marine x6  
  94  6:53  Marine x2  
  102  7:11  Marauder x2  
  106  7:17  Marine x6  
  96  7:33  Marauder x2, SCV  
  96  7:35  Marine x6  
  100  7:45  SCV  
  100  7:47  Supply Depot  
  100  7:48  Supply Depot  
Show
View Real Time Build Order
Export as new Build Order

A.I. 1 (Very Hard) Terran 

Build Orders:  

Get SALT Encoding   

  12  0:00  SCV  
  13  0:13  SCV  
  14  0:18  Supply Depot  
  14  0:25  SCV  
  15  0:39  SCV  
  15  0:41  Barracks  
  16  0:51  SCV  
  17  1:03  SCV  
  18  1:15  Supply Depot  
  18  1:16  SCV  
  19  1:20  Refinery  
  19  1:28  Marine, SCV  
  21  1:40  SCV  
  21  1:46  Marine  
  23  1:51  Barracks  
  23  1:52  SCV  
  24  1:54  Refinery  
  24  2:02  Supply Depot  
  24  2:04  Marine, SCV  
  26  2:16  SCV  
  26  2:22  Marine  
  28  2:23  Factory  
  28  2:28  SCV  
  29  2:37  Marine  
  29  2:40  SCV, Marine  
  32  2:52  SCV  
  32  2:55  Marine  
  32  2:57  Marine  
  35  3:04  Barracks, SCV  
  36  3:13  Marine  
  36  3:16  Barracks Tech Lab  
  36  3:17  SCV  
  38  3:26  Starport, Factory Tech Lab  
  38  3:29  Supply Depot, SCV  
  38  3:32  Barracks Tech Lab  
  39  3:51  SCV, Marine x2  
  42  3:55  Stimpack  
  42  4:00  Combat Shield  
  42  4:03  SCV  
  43  4:15  SCV  
  44  4:27  SCV  
  45  4:36  Supply Depot  
  45  4:39  SCV  
  46  4:51  SCV  
  47  4:57  Medivac, Marine x3  
  52  5:00  Supply Depot  
  52  5:03  SCV  
  53  5:16  SCV  
  53  5:18  Barracks Reactor  
  54  5:22  Marauder x2  
  54  5:24  Supply Depot, Ghost Academy  
  54  5:27  Command Center  
  54  5:28  SCV  
  59  5:40  SCV  
  60  5:46  Marauder  
  60  5:47  Supply Depot  
  60  5:49  Marauder  
  64  5:59  Medivac  
  64  6:02  Marine  
  67  6:04  Marine  
  67  6:07  Marauder  
  67  6:10  Ghost  
  73  6:15  Supply Depot  
  73  6:22  Engineering Bay  
  73  6:28  Marauder  
  75  6:38  Ghost  
  75  6:39  SCV  
  79  6:41  SCV  
  80  6:50  Marauder  
  80  6:52  SCV  
  80  6:53  SCV  
  56  7:04  SCV  
  56  7:05  SCV  
  56  7:16  SCV  
  56  7:18  SCV  
  48  7:29  Marine  
  33  7:44  SCV  
  30  7:46  SCV  
Tags
 
Matchup
TvT
Race
Terran
Spawn Locations
Cross Positions
Add a new tag
Caveats
  • Supply blocks, unpowered buildings, or Contaminate may cause inaccurate times.
  • Supply counts are checked every 10 seconds.